 Dungeon Crawl Stone Soup version 0.24-a0-350-g5b3daab8ba (webtiles) character file.

Game seed: 12660372163562479253

121 Lanoc the Shield-Bearer (level 5, 0/42 HPs)
             Began as a Formicid Fighter on May 23, 2019.
             Slain by a gnoll
             ... wielding a +0 spear
              (2 damage)
             ... on level 3 of the Dungeon.
             The game lasted 00:01:48 (774 turns).

Lanoc the Shield-Bearer (Formicid Fighter)           Turns: 774, Time: 00:01:50

Health: 0/42       AC:  7    Str: 22 (25) XL:     5   Next: 26%
Magic:  5/5        EV:  8    Int:  7 (8)  God:
Gold:   64         SH:  9    Dex:  8 (11) Spells: 4/4 levels left

rFire    + . .     SeeInvis +   a - +0 war axe
rCold    + . .     Gourm    .   c - +0 shield
rNeg     . . .     Faith    .   b - +0 scale mail
rPois    +         Spirit   .   (helmet unavailable)
rElec    +         Reflect  .   (no cloak)
rCorr    +         Harm     .   (no gloves)
MR       .....                  (no boots)
Stlth    ..........             (no amulet)
HPRegen  0.14/turn              (no ring)
MPRegen  0.09/turn              (no ring)

@: mighty, resistant
A: permanent stasis, dig shafts and tunnels, four strong arms, antennae 3
a: Dig, Shaft Self


You were on level 3 of the Dungeon.
You were not hungry.

You visited 1 branch of the dungeon, and saw 3 of its levels.

You collected 64 gold pieces.

Inventory:

Hand Weapons
 a - a +0 war axe (weapon)
Armour
 b - a +0 scale mail (worn)
 c - a +0 shield (worn)
Scrolls
 e - a scroll of remove curse {unknown}
 h - a scroll of blinking {unknown}
 i - a scroll of magic mapping {unknown}
 j - a scroll of fog {unknown}
Potions
 k - a potion of haste
Comestibles
 f - 3 rations


   Skills:
 + Level 3.9 Fighting
 * Level 3.3 Axes
 + Level 3.8 Armour
 + Level 1.3 Dodging
 + Level 4.2 Shields


You had 4 spell levels left.
You didn't know any spells.
Your spell library was empty.

Dungeon Overview and Level Annotations

Branches:
Dungeon (3/15)

Altars:
Elyvilon
Gozag

Shops:
D:3 *


Innate Abilities, Weirdness & Mutations

You cannot be hasted, slowed, berserked, paralysed or teleported.
You can dig through walls and to a lower floor.
Your four strong arms can wield two-handed weapons with a shield.
You have a pair of large antennae on your head. (SInv)


Message History

You hit the bush but do no damage. x2; The gnoll closely misses you.
You block the hound's attack.
It was a potion of haste.
Your stasis prevents you from being hasted.
You block the gnoll's attack. You block the hound's attack.
It was a potion of resistance.
You feel protected. The hound bites you but does no damage.
The gnoll closely misses you. The hound barely misses you.
It was a potion of degeneration.
There was something very wrong with that liquid.
You feel weakened.
You feel dopey.
You feel clumsy. You block the gnoll's attack.
The hound bites you but does no damage.
You closely miss the hound. You slash the bush! x2
The hound bites you but does no damage.
The gnoll hits you from afar with a +0 spear.
* * * LOW HITPOINT WARNING * * *
The hound bites you but does no damage.
The gnoll hits you from afar with a +0 spear.
You die...

##.......+.....##...# #≈≈≈≈≈#
≈≈≈≈≈≈....####.##.#.## #≈≈≈≈≈#
.....≈≈≈≈.# #.##.#..####≈≈≈≈####
.⌠.⌠....≈.## #.##......88≈≈≈≈≈88.
..∩..._....# #.#####.............
.⌠.⌠....≈..#####..##.............
.....≈≈≈≈..#.. #.......88≈≈≈≈≈88.
≈≈≈≈≈≈.....#...#P.........≈≈≈≈≈##
...........#..gh@....##.#.≈≈≈≈≈##
.....<..##.#+#+#P....##..>#≈≈≈≈##
####.......# #.....##...#≈≈≈≈≈#
...........## #.....##...#≈≈≈≈≈#
####.#.###..#####....#......≈≈≈≈#
#.#.# #...........#......≈≈≈≈#
###.# #..#####....#......≈≈≈≈≈
######.###..# #....##'####≈≈≈≈≈
#....#......# ##...##.# ##≈≈≈≈


You could see a hound and a gnoll.

Vanquished Creatures
  A crimson imp (D:3)
  A hound (D:3)
  A bullfrog skeleton (D:3)
  A leopard gecko (D:3)
  2 giant cockroaches
  4 goblins
  3 hobgoblins
  4 jackals (D:1)
  2 kobolds (D:3)
  A quokka (D:3)
  5 frilled lizards
  3 rats
28 creatures vanquished.

Notes
Turn   | Place    | Note
-------+----------+-------------------------------------------
     0 | D:1      | Lanoc the Formicid Fighter began the quest for the Orb.
     0 | D:1      | Reached XP level 1. HP: 18/18 MP: 1/1
    29 | D:1      | Reached XP level 2. HP: 24/24 MP: 2/2
   222 | D:3      | Noticed a crimson imp
   234 | D:3      | Killed a crimson imp
   234 | D:3      | Reached skill level 4 in Shields
   234 | D:3      | Reached XP level 3. HP: 29/29 MP: 3/3
   291 | D:3      | Found a white marble altar of Elyvilon.
   301 | D:3      | Reached XP level 4. HP: 37/37 MP: 4/4
   334 | D:3      | Reached skill level 1 in Dodging
   652 | D:3      | Found an opulent altar of Gozag.
   652 | D:3      | Found Gozag's Platinum Reserve.
   770 | D:3      | Reached XP level 5. HP: 4/42 MP: 5/5
   774 | D:3      | HP: 2/42 [gnoll/+0 spear (3)]
   774 | D:3      | Slain by a gnoll

Levels and vault maps discovered:
D:1:      dpeg_arrival_arbitrary_a, layout_basic, kennysheep_flooded_box
D:2:      layout_rooms, first_ration
D:3:      wander_river, layout_basic, elyvilon_altar_3,
          nicolae_gozag_zags_fifth_avenue, cheibrodos_gnoll_hut

Skill      XL: |  1  2  3  4 |
---------------+-------------+-----
Shields        | 4 |  4.2
Dodging        | 1 |  1.3
Axes           | 3 |  3.3
Fighting       | |  3.9
Armour         | |  3.8

Action                   |  1- 3 |  4- 6 || total
-------------------------+-------+-------++-------
Melee: War axe           |    47 |    53 ||   100
  Use: Potion            |       |     4 ||     4
Armor: Scale mail        |    24 |    26 ||    50
Dodge: Dodged            |    12 |    28 ||    40
Block: Shield            |    20 |    35 ||    55

Table legend:
 A = Non-vault XP
 B = Vault XP
 C = Vault XP percentage of total XP
 D = Non-vault monster count
 E = Vault monster count
 F = Vault count percentage of total count
                 A         B        C        D         E       F
            +---------+---------+-------+---------+---------+-------
      Total |     129 |      45 |  25.9 |      27 |       1 |   3.6
            +---------+---------+-------+---------+---------+-------
        D:1 |      14 |       0 |   0.0 |       8 |       0 |   0.0
        D:2 |       7 |       0 |   0.0 |       5 |       0 |   0.0
        D:3 |     108 |      45 |  29.4 |      14 |       1 |   6.7
            +---------+---------+-------+---------+---------+-------
